 Dungeon Crawl Stone Soup version 0.24-a0-584-g9d6b971ae4 (webtiles) character file.

Game seed: 11463155946381787414, levelgen mode: deterministic

110 Gynju the Ruffian (level 4, -2/40 HPs)
             Began as a Ghoul Monk on Aug 30, 2019.
             Slain by an orc priest
             ... wielding a +0 hand axe
              (5 damage)
             ... on level 3 of the Dungeon.
             The game lasted 00:06:13 (2760 turns).

Gynju the Ruffian (Ghoul Monk)                      Turns: 2760, Time: 00:06:14

Health: -2/40      AC:  2    Str: 15    XL:     4   Next: 91%
Magic:  2/3        EV: 13    Int:  5    God:
Gold:   145        SH:  0    Dex: 11    Spells: 2/3 levels left

rFire    . . .     SeeInvis .     - Unarmed
rCold    + . .     Gourm    .   (no shield)
rNeg     + + +     Faith    .   a - +0 robe
rPois    ∞         Spirit   .   (no helmet)
rElec    .         Reflect  .   (no cloak)
rCorr    .         Harm     .   (no gloves)
MR       .....                  (no boots)
Stlth    ++........             (no amulet)
HPRegen  0.00/turn              (no ring)
MPRegen  0.08/turn              (no ring)

@: very slightly contaminated, rotting
A: rotting body, claws 1, carnivore, cold resistance 1, negative energy
resistance 3, inhibited regeneration, torment resistance, unbreathing
a: no special abilities


You were on level 3 of the Dungeon.
You were not hungry.

You visited 1 branch of the dungeon, and saw 3 of its levels.

You collected 145 gold pieces.

Inventory:

Armour
 a - a +0 robe (worn)
Jewellery
 f - an uncursed ring of ice {unknown}
 g - a cursed amulet of the acrobat {unknown}
Wands
 m - a wand of paralysis (7)
Scrolls
 c - 4 scrolls of remove curse {unknown}
 d - a scroll of amnesia {unknown}
 h - a scroll of teleportation {unknown}
 k - a scroll of immolation {unknown}
Potions
 e - a potion of flight {unknown}
 i - a potion of agility
 j - a potion of lignification {unknown}
Comestibles
 b - 4 rations
 l - 8 chunks of flesh


   Skills:
 + Level 4.0 Fighting
 + Level 3.3 Dodging
 - Level 2.1 Stealth
 * Level 4.7 Unarmed Combat
 + Level 0.4 Spellcasting
 + Level 0.4 Conjurations


You had 2 spell levels left.
You knew the following spells:

 Your Spells              Type           Power        Failure   Level  Hunger
a - Shock                 Conj/Air       #...         43%         1    ##.....

Your spell library contained the following spells:

 Spells                   Type           Power        Failure   Level  Hunger
 Swiftness                Chrm/Air       #.......     61%         2    ###....
 Static Discharge         Conj/Air       #.......     82%         3    ####...
 Airstrike                Air            #.........   99%         4    #####..
 Lightning Bolt           Conj/Air       #.........   100%        5    ######.


Dungeon Overview and Level Annotations

Branches:
Dungeon (3/15)

Altars:


Innate Abilities, Weirdness & Mutations

Your body is rotting away.
You thrive on raw meat.
You are immune to poison.
You have sharp fingernails.
You are carnivorous and can eat meat at any time.
Your flesh is cold resistant. (rC+)
You are immune to negative energy. (rN+++)
You do not regenerate when monsters are visible.
You are immune to unholy pain and torment.
You can survive without breathing.


Message History

You are too injured to fight recklessly!
You are too injured to fight recklessly!
You are too injured to fight recklessly!
You are too injured to fight recklessly!
Things that are here:
a +0 whip; an orc corpse You closely miss the orc priest.
The orc priest is severely wounded.
The orc priest hits you with a +0 mace.
The orc priest invokes the aid of Beogh against you.
Beogh smites you!
* * * LOW HITPOINT WARNING * * *
The orc priest closely misses you.
You scratch the orc priest.
You kill the orc priest!
Your Fighting skill increases to level 4!
The orc priest misses you.
You closely miss the orc priest.
The orc priest hits you with a +0 hand axe.
You die...

#.##.#.# #.# #.# #.#.#
#.##.#.# #.# #.# #.#.#
#.##.#.# #.####.# #.#.#
#.##.#.#####.#....###.#.#
#.##..................#.#
#.##########..<#######..#
#.# #.).# #.##
#.##########)o.# #.#
#.#.........@o.# #÷#
#....÷..[.(....### #.#
###.#.#####.#....# #.#
#.#.# #.#.##.# #.# #.#..
....##.# #.# #.####
##.####.# #.# #.# #.#
##.# #.# #.# #.# #..# #.#
#.. .# #.## #.#


You could see 2 orc priests.

Vanquished Creatures
  An orc priest (D:3)
  2 adders
  A dart slug (D:1)
  2 leopard geckos
  4 orcs (D:3)
  7 bats
  8 goblins
  3 hobgoblins
  2 jackals (D:2)
  8 kobolds
  2 quokkas
  4 frilled lizards
  10 rats
54 creatures vanquished.

Notes
Turn   | Place    | Note
-------+----------+-------------------------------------------
     0 | D:1      | Gynju the Ghoul Monk began the quest for the Orb.
     0 | D:1      | Reached XP level 1. HP: 19/19 MP: 0/0
   200 | D:1      | Reached XP level 2. HP: 4/26 MP: 1/1
  1010 | D:1      | Reached XP level 3. HP: 31/31 MP: 2/2
  1767 | D:2      | Found a faded altar of an unknown god.
  2171 | D:2      | Reached XP level 4. HP: 40/40 MP: 3/3
  2250 | D:2      | Learned a level 1 spell: Shock
  2760 | D:3      | Slain by an orc priest

Levels and vault maps discovered:
D:1:      sevenhm_arrival_forest_fort_large_4, layout_basic
D:2:      layout_basic, first_ration, chequers_ecumenical_altar_twisty
D:3:      layout_loops_ring, gammafunk_temple_overflow_forgotten,
          lemuel_crystal_altar, uniq_jessica, uniq_crazy_yiuf_cottage

Skill      XL: |  1  2  3  4 |
---------------+-------------+-----
Dodging        | 3 |  3.3
Unarmed Combat | 4 |  4.7
Fighting       | 4 |  4.0
Stealth        | |  2.1
Spellcasting   | |  0.4
Conjurations   | |  0.4

Action                   |  1- 3 |  4- 6 || total
-------------------------+-------+-------++-------
Melee: Unarmed           |   129 |    25 ||   154
       Punch             |     1 |       ||     1
 Cast: Shock             |       |     1 ||     1
 Stab: Sleeping          |     7 |     3 ||    10
  Eat: Chunk             |     9 |     1 ||    10
Armor: Robe              |    21 |     2 ||    23
Dodge: Dodged            |    78 |    18 ||    96

Table legend:
 A = Non-vault XP
 B = Vault XP
 C = Vault XP percentage of total XP
 D = Non-vault monster count
 E = Vault monster count
 F = Vault count percentage of total count
                 A         B        C        D         E       F
            +---------+---------+-------+---------+---------+-------
      Total |     158 |       0 |   0.0 |      54 |       0 |   0.0
            +---------+---------+-------+---------+---------+-------
        D:1 |      40 |       0 |   0.0 |      23 |       0 |   0.0
        D:2 |      46 |       0 |   0.0 |      22 |       0 |   0.0
        D:3 |      72 |       0 |   0.0 |       9 |       0 |   0.0
            +---------+---------+-------+---------+---------+-------
